 Dungeon Crawl Stone Soup version 0.28-a0-1159-g27aa881441 (webtiles) character file.

Game seed: 2036913238287526207

20 SensoryNuts the Skirmisher (level 2, -4/24 HPs)
             Began as a Demonspawn Fighter on Dec 15, 2021.
             Slain by Sigmund (8 damage)
             ... on level 2 of the Dungeon.
             The game lasted 00:00:53 (1435 turns).

SensoryNuts the Skirmisher (Demonspawn Fighter)     Turns: 1435, Time: 00:00:53

Health: -4/24      AC:  6    Str: 16    XL:     2   Next: 58%
Magic:  2/2        EV:  9    Int:  9    God:
Gold:   32         SH:  4    Dex: 12    Spells: 1/1 levels left

rFire   . . .      SeeInvis .   a - +0 trident
rCold   . . .      Faith    .   c - +0 buckler
rNeg    . . .      Spirit   .   b - +0 scale mail
rPois   .          Reflect  .   (no helmet)
rElec   .          Harm     .   (no cloak)
rCorr   .          Rampage  .   (no gloves)
Will    .....                   (no boots)
Stlth   ..........              (no amulet)
HPRegen 0.08/turn               (no ring)
MPRegen 0.16/turn               (no ring)

@: no status effects
A: magic regeneration
a: no special abilities


You were on level 2 of the Dungeon.
You visited 1 branch of the dungeon, and saw 2 of its levels.

You collected 32 gold pieces.

Inventory:

Hand Weapons
 a - a +0 trident (weapon)
Armour
 b - a +0 scale mail (worn)
 c - a +0 buckler (worn)
Jewellery
 e - a +6 ring of dexterity
 i - a +6 ring of dexterity
 n - a +6 ring of dexterity
 o - a ring of protection from fire
Scrolls
 f - a scroll of identify
 g - a scroll of holy word
 h - a scroll of brand weapon {unknown}
 m - a scroll of amnesia
Potions
 d - a potion of might


   Skills:
 + Level 3.2 Fighting
 + Level 2.0 Polearms
 + Level 3.1 Armour
 + Level 0.1 Dodging
 + Level 2.8 Shields


You had one spell level left.
You didn't know any spells.
Your spell library was empty.

Dungeon Overview and Level Annotations

Branches:
Dungeon (2/15)

Altars:
Yredelemnul

Annotations:
D:2 Sigmund


Innate Abilities, Weirdness & Mutations

You regenerate magic rapidly.


Message History

Sigmund casts a spell.
Sigmund flickers and vanishes!
Deactivating autopickup; reactivate with Ctrl-A.
There is a strange disturbance nearby!
There is a strange disturbance nearby!
No target in view!
No target in view!
No target in view!
No target in view!
No target in view!
No target in view!
No target in view!
No target in view!
No target in view!
No target in view!
No target in view!
No target in view!
Unknown command.
There is a strange disturbance nearby!
There is a strange disturbance nearby!
Something hits you. Something hits you. You block something's attack.
You start resting.
Something hits you. Something hits you but does no damage.
There is a strange disturbance nearby!
There is a strange disturbance nearby!
You miss something. Something hits you.
You barely miss something. Something hits you but does no damage.
You hit something but do no damage. Something hits you.
* * * LOW HITPOINT WARNING * * *
You barely miss something. Something hits you but does no damage.
You miss something.
You hear some strange, mumbled words.
A magic dart appears from out of thin air!
The magic dart hits you.
* * * LOW HITPOINT WARNING * * *
You closely miss something. Something hits you!
You die...

#....#...# #.....##
###...## #....#
#..... #.#.#.
########## #.#.#.
#.....?..# #.#.##
#..@{....### #.#...
#..........####.####
#...............####
#........#####.[....
###############...).
#.....###.
#.....###.
#....)....
#.....####


There were no monsters in sight!

Vanquished Creatures
  2 bats
  An endoplasm (D:2)
  3 giant cockroaches (D:1)
  2 goblins
  2 hobgoblins
  2 kobolds (D:2)
  3 ball pythons (D:1)
  A frilled lizard (D:2)
  A rat (D:1)
17 creatures vanquished.

Notes
Turn   | Place    | Note
-------+----------+-------------------------------------------
     0 | D:1      | SensoryNuts the Demonspawn Fighter began the quest for the
                  | Orb.
     0 | D:1      | Reached XP level 1. HP: 18/18 MP: 1/1
   212 | D:1      | Gained mutation: You regenerate magic rapidly. [demonic
                  | ancestry]
   212 | D:1      | Reached XP level 2. HP: 24/24 MP: 2/2
   337 | D:1      | Found a faded altar of an unknown god.
  1049 | D:2      | Found a basalt altar of Yredelemnul.
  1419 | D:2      | Noticed Sigmund
  1435 | D:2      | Slain by Sigmund

Illustrated notes

Levels and vault maps discovered:
D:1:      nicolae_arrival_memento_mori, layout_basic, basic_ecumenical_altar
D:2:      layout_rooms, serial_shops, nicolae_shop_stone, basic_altar,
          uniq_sigmund

Skill      XL: |  1  2 |
---------------+-------+-----
Armour         | 3 |  3.1
Polearms       | 2 |  2.0
Fighting       | |  3.2
Dodging        | |  0.1
Shields        | |  2.8

Action                   || total
-------------------------++-------
Melee: Trident           ||    67
  Use: Scroll            ||     4
       Potion            ||     2
Armor: Scale mail        ||    23
Dodge: Dodged            ||    18
Block: Buckler           ||    12

Table legend: (Time is in decaauts)
 A = Elapsed time spent in this place.
 B = Non-inter-level travel time spent in this place.
 C = Inter-level travel time spent in this place.
 D = Time resting spent in this place.
 E = Time spent auto-exploring this place.
 F = Levels seen in this place.
 G = Mean time per level.
                   A        B        C        D        E       F      G
               +--------+--------+--------+--------+--------+-----+--------+
         Total |   1450 |   1436 |     14 |      2 |   1269 |   2 |  725.0 |
       Dungeon |   1450 |   1436 |     14 |      2 |   1269 |   2 |  725.0 |
               +--------+--------+--------+--------+--------+-----+--------+

Top non-repeatable levels by time:
     D:1: 1055 daAuts
     D:2: 394 daAuts
